 Dungeon Sprint DCSS version 0.31-a0-325-g067879e3d3 (webtiles) character file.

Game seed: 8972547297283223432

3866 dialectric the Ninja (level 9, -9/50 HPs)
             Began as a Spriggan Brigand on July 18, 2023.
             Was a Priest of Dithmenos.
             Killed from afar by a gargoyle (20 damage)
             ... with a stone arrow
             ... in the Dungeon (Sprint I: "Red Sonja").
             The game lasted 00:02:26 (186 turns).

dialectric the Ninja (Spriggan Brigand)              Turns: 186, Time: 00:02:26

Health: -9/50      AC:  3    Str:  7    XL:     9   Next: 99%
Magic:  7/10       EV: 21    Int: 12    God:    Dithmenos [***...]
Gold:   501        SH:  0    Dex: 21    Spells: 8/8 levels left

rFire   . . .        a - +2 dagger
rCold   . . .        (no shield)
rNeg    . . .        b - +0 robe
rPois   .            (helmet restricted)
rElec   .            c - +0 cloak
rCorr   .            (gloves unavailable)
SInv    +            (boots unavailable)
Will    +....        (no amulet) Stlth ***+++++++
                     (no ring)
HPRegen 0.28/turn    (no ring)
MPRegen 0.12/turn

%: no teleportation
@: wreathed by umbra, very quick
A: very small, no large weapons, unfitting armour, see invisible, speed 3
a: Renounce Religion, Shadow Step


You were in the Dungeon.
You worshipped Dithmenos.
Dithmenos was most pleased with you.
You visited 1 branch You collected 501 gold pieces.

Inventory:

Hand Weapons
 a - a +2 dagger (weapon)
Missiles
 d - 9 poisoned darts
 e - 3 curare-tipped darts (quivered)
Armour
 b - a +0 robe (worn)
 c - a +0 cloak (worn)
Talismans
 o - a talisman of death
Wands
 l - a wand of flame (12)
Scrolls
 k - a scroll of blinking
 m - a scroll of enchant weapon {unknown}
 n - a scroll of revelation {unknown}
Potions
 f - a potion of curing
 g - a potion of heal wounds
 h - a potion of haste
 i - 2 potions of magic
 j - a potion of berserk rage


   Skills:
 + Level 7.2 Fighting
 + Level 11.0 Short Blades
 - Level 2.5 Throwing
 + Level 5.7 Dodging
 O Level 27 Stealth
 + Level 5.6 Evocations


You had 8 spell levels left.
You didn't know any spells.
Your spell library was empty.

Dungeon Overview and Level Annotations

Branches:
Dungeon (1/1)

Altars:
Cheibriados
Dithmenos
Elyvilon
Fedhas
Gozag
Hepliaklqana
Kikubaaqudgha
Makhleb
Nemelex Xobeh
Okawaru
Qazlal
Ru
Sif Muna
Trog
Uskayaw
Vehumet
Wu Jian
Xom
Yredelemnul
Zin
The Shining One
Jiyva
Lugonu

Shops:
D (


Innate Abilities, Weirdness & Mutations

You are very small and have problems with some larger weapons.
You are too small for most types of armour.
You have supernaturally acute eyesight. (SInv)
You cover ground extremely quickly. (Speed+++)


Message History

There is an open door here.
You close the door.
You open the door.
A gargoyle comes into view. It is wielding a +0 mace.
There is an open door here.
Aiming: Shadow Step
Press: ? - help, Dir - move target, f - gargoyle
Aim: a gargoyle, wielding a +0 mace (noxious fumes, dormant, umbra) Really shadow step into a travel-excluded area?
Really shadow step into that cloud of noxious fumes? [Y]es or [N]o only, please.
Really shadow step into that cloud of noxious fumes?
You step into the gargoyle's shadow.
You are engulfed in noxious fumes.
You choke on the stench!
You are confused.
You're too confused to move!
You are engulfed in noxious fumes.
You choke on the stench!
You are more confused.
Unknown command.
You are engulfed in noxious fumes.
You choke on the stench!
You are more confused.
You are engulfed in noxious fumes.
You bump into the stone wall.
You are engulfed in noxious fumes.
The gargoyle hurls a stone arrow at you.
The stone arrow misses you.
You're too confused to move!
You are engulfed in noxious fumes.
The gargoyle hits you with a +0 mace!
You bump into the stone wall.
The gargoyle closely misses you.
You bump into the stone wall.
You feel less confused. The gargoyle barely misses you.
There is an open door here.
The gargoyle hurls a stone arrow at you.
The stone arrow hits you!!
* * * LOW HITPOINT WARNING * * *
You see here a demonic crawler corpse.
You see here a demonic crawler corpse.
The gargoyle hurls a stone arrow at you.
The stone arrow hits you!!
You die...

############################
#.)'..#__#..'..)#.[#§§§h§hh§
'..#..'..'..#...##'#§####h§hhh#
#####'#__####)..@†.#h# #§hh##
#...#.#### #####†.+§# ##+#
#..##.# ##'#### ##'#_.+ #..9..#
†'..._# #.○☼°.+ ##_.#'# ###○○°#
###+#.# #°○°# # ### #.○## #..#


You could see a gargoyle.

Vanquished Creatures
  4 demonic crawlers (D)
  A lindwurm (D)
  2 kobold demonologists (D)
  A slime creature (D)
  Sigmund (D)
  A yak (D)
  A floating eye (D)
  An ogre (D)
  A jelly (D)
  Ijyb (D)
14 creatures vanquished.

Notes
Turn   | Place    | Note
-------+----------+-------------------------------------------
     0 | D        | dialectric the Spriggan Brigand began the quest for the
                  | Orb.
     0 | D        | Reached XP level 1. HP: 10/10 MP: 2/2
     5 | D        | Noticed Ijyb
     7 | D        | Killed Ijyb
     8 | D        | Reached skill level 9 in Stealth
     8 | D        | Reached XP level 2. HP: 15/15 MP: 3/3
    12 | D        | Noticed an ogre
    14 | D        | Killed an ogre
    15 | D        | Reached skill level 13 in Stealth
    15 | D        | Reached XP level 3. HP: 19/19 MP: 4/4
    15 | D        | Reached XP level 4. HP: 23/23 MP: 5/5
    17 | D        | Noticed Sigmund
    19 | D        | Killed Sigmund
    20 | D        | Reached skill level 17 in Stealth
    20 | D        | Reached XP level 5. HP: 28/28 MP: 6/6
    33 | D        | Found a shimmering blue altar of Sif Muna.
    34 | D        | Found an ornate altar of the Wu Jian Council.
    35 | D        | Found a radiant altar of Vehumet.
    44 | D        | Reached skill level 5 in Short Blades
    44 | D        | Reached XP level 6. HP: 24/32 MP: 7/7
    70 | D        | Found Mecefo's Antique Weapon Emporium.
    70 | D        | Found an ancient bone altar of Kikubaaqudgha.
    70 | D        | Found a hazy altar of Hepliaklqana.
    70 | D        | Found a hide-covered altar of Uskayaw.
    70 | D        | Found a basalt altar of Yredelemnul.
    70 | D        | Found an opulent altar of Gozag.
    70 | D        | Found a snail-covered altar of Cheibriados.
    70 | D        | Found a sacrificial altar of Ru.
    70 | D        | Found a shadowy altar of Dithmenos.
    70 | D        | Noticed a yak
    71 | D        | Found a stormy altar of Qazlal.
    71 | D        | Found a blossoming altar of Fedhas.
    71 | D        | Found a bloodstained altar of Trog.
    71 | D        | Found an iron altar of Okawaru.
    71 | D        | Found a glowing golden altar of the Shining One.
    71 | D        | Found a glowing silver altar of Zin.
    71 | D        | Found a white marble altar of Elyvilon.
    72 | D        | Killed a yak
    73 | D        | Reached skill level 19 in Stealth
    73 | D        | Reached skill level 1 in Evocations
    73 | D        | Found a sparkling altar of Nemelex Xobeh.
    79 | D        | Became a worshipper of Dithmenos the Shadowed
    94 | D        | Found a burning altar of Makhleb.
    94 | D        | Found a shimmering altar of Xom.
    94 | D        | Noticed a slime creature
    95 | D        | Found a viscous altar of Jiyva.
    95 | D        | Found a corrupted altar of Lugonu.
    97 | D        | Killed a slime creature
    98 | D        | Reached skill level 20 in Stealth
    98 | D        | Reached XP level 7. HP: 37/37 MP: 8/8
   110 | D        | Noticed a kobold demonologist
   111 | D        | Noticed a kobold demonologist
   114 | D        | Reached skill level 21 in Stealth
   114 | D        | Killed a kobold demonologist
   114 | D        | Reached * piety under Dithmenos
   115 | D        | Reached skill level 22 in Stealth
   116 | D        | Killed a kobold demonologist
   117 | D        | Reached skill level 23 in Stealth
   117 | D        | Reached XP level 8. HP: 42/42 MP: 9/9
   119 | D        | Noticed a demonic crawler
   119 | D        | Noticed a demonic crawler
   119 | D        | Noticed a demonic crawler
   119 | D        | Noticed a demonic crawler
   121 | D        | Killed a demonic crawler
   121 | D        | Reached ** piety under Dithmenos
   122 | D        | Reached skill level 5 in Fighting
   122 | D        | Reached skill level 25 in Stealth
   122 | D        | Killed a demonic crawler
   123 | D        | Reached skill level 26 in Stealth
   123 | D        | Reached XP level 9. HP: 47/47 MP: 10/10
   124 | D        | Killed a demonic crawler
   125 | D        | Reached skill level 5 in Dodging
   125 | D        | Reached skill level 27 in Stealth
   125 | D        | Killed a demonic crawler
   126 | D        | Reached skill level 10 in Short Blades
   126 | D        | Reached skill level 5 in Evocations
   141 | D        | Noticed a lindwurm
   144 | D        | Killed a lindwurm
   144 | D        | Reached *** piety under Dithmenos
   171 | D        | Noticed a gargoyle
   186 | D        | Killed from afar by a gargoyle

Illustrated notes

Levels and vault maps discovered:
D:        dungeon_sprint_1 [red_sonja_temple_1, red_sonja_temple_small_1]

Skill      XL: |  1  2  3  4  5  6  7  8  9 |
---------------+----------------------------+-----
Fighting       | 2 3 4 5 7 |  7.2
Stealth        | 9 13 17 20 23 26 27 | 27.0
Short Blades   | 3 4 5 6 7 8 11 | 11.0
Dodging        | 2 3 4 5 |  5.7
Evocations     | 1 2 3 5 |  5.6
Throwing       | |  2.5

Action                     |  1- 3 |  4- 6 |  7- 9 || total
---------------------------+-------+-------+-------++-------
  Melee: Dagger            |     2 |     3 |    13 ||    18
 Invoke: Shadow Step       |       |       |     1 ||     1
  Evoke: Wand              |       |     3 |       ||     3
   Stab: Sleeping          |     2 |     3 |     8 ||    13
 Armour: Robe              |       |       |     1 ||     1
  Dodge: Dodged            |       |       |     9 ||     9

Table legend: (Time is in decaauts)
 A = Elapsed time spent in this place.
 B = Non-inter-level travel time spent in this place.
 C = Inter-level travel time spent in this place.
 D = Time resting spent in this place.
 E = Time spent auto-exploring this place.
 F = Levels seen in this place.
 G = Mean time per level.
                   A        B        C        D        E       F      G
               +--------+--------+--------+--------+--------+-----+--------+
         Total |    132 |    132 |      0 |      0 |      0 |   1 |  132.0 |
       Dungeon |    132 |    132 |      0 |      0 |      0 |   1 |  132.0 |
               +--------+--------+--------+--------+--------+-----+--------+

Top non-repeatable levels by time:
       D: 132 daAuts
